SOB
HAVANA CONEJITOS @ LA CEIBA MANATEES
01/06/1982
 
TOP OF THE 1ST
Havana Conejitos batting - Pitching for La Ceiba Manatees : RHP Tony Valenzuela
Pitching: RHP Tony Valenzuela
Batting: RHB Ulises Infante 0-0: Fly out, F9 (Flyball, 89S, EV 95.6 MPH)
Batting: RHB Luis Gonzalez 0-0: Ball
1-0: Ball
2-0: Called Strike
2-1: Fly out, F8 (Flyball, 8RD, EV 76.3 MPH)
Batting: LHB Scott Radloff 0-0: Ball
1-0: Ball
2-0: DOUBLE (Flyball, 8RD, EV 90.0 MPH)
Batting: RHB John Malkin 0-0: Ball
1-0: Ball
2-0: Ball
3-0: Base on Balls
Batting: LHB Michael Wishnevski 0-0: Called Strike
0-1: Ball
1-1: Fly out, F9 (Line Drive, 9, EV 87.5 MPH)
Top of the 1st over - 0 runs, 1 hit, 0 errors, 2 left on base; Havana 0 - La Ceiba 0
BOTTOM OF THE 1ST
La Ceiba Manatees batting - Pitching for Havana Conejitos : LHP Ricky Horton
Pitching: LHP Ricky Horton
Batting: LHB Steve Lyons 0-0: Swinging Strike
0-1: Foul Ball, location: 2F
0-2: Strikes out swinging
Batting: LHB Ernesto Quevedo 0-0: Fly out, F9 (Flyball, 9S, EV 90.0 MPH)
Batting: RHB Juan Villa 0-0: Ball
1-0: Ground out 6-3 (Groundball, P, EV 81.3 MPH)
Bottom of the 1st over - 0 runs, 0 hits, 0 errors, 0 left on base; Havana 0 - La Ceiba 0
TOP OF THE 2ND
Havana Conejitos batting - Pitching for La Ceiba Manatees : RHP Tony Valenzuela
Batting: LHB Donald Mazzilli 0-0: Ball
1-0: Swinging Strike
1-1: Ground out 4-3 (Groundball, 4, EV 105.0 MPH)
Batting: LHB Randy Salava 0-0: Ball
1-0: Called Strike
1-1: Ball
2-1: Ball
3-1: Called Strike
3-2: Foul Ball, location: 2F
3-2: Base on Balls
Batting: SHB Julio Estrada 0-0: Foul Ball, location: 2F
0-1: SINGLE (Flyball, 7S, EV 91.9 MPH)
Randy Salava to second
Batting: RHB Ramon Borrero 0-0: Called Strike
0-1: Ball
1-1: Called Strike
1-2: Ball
2-2: Ball
3-2: Base on Balls
Randy Salava to third
Julio Estrada to second
Batting: RHB Ulises Infante 0-0: Ball
1-0: Ball
2-0: Ball
3-0: Base on Balls
Randy Salava scores
Julio Estrada to third
Ramon Borrero to second
Batting: RHB Luis Gonzalez 0-0: Ball
1-0: Ball
2-0: Foul Ball, location: 2F
2-1: Swinging Strike
2-2: Foul Ball, location: 2F
2-2: Foul Ball, location: 2F
2-2: Foul Ball, location: 2F
2-2: Foul Ball, location: 2F
2-2: Ball
3-2: Fly out, F8 (Flyball, 8RD, EV 97.5 MPH)
Runner from 3rd tags up, SCORES, throw by CF
Batting: LHB Scott Radloff 0-0: Ball
1-0: Ball
2-0: Ball
3-0: Called Strike
3-1: Base on Balls
Ramon Borrero to third
Ulises Infante to second
Batting: RHB John Malkin 0-0: Ball
1-0: Fly out, F8 (Flyball, 8RD, EV 97.5 MPH)
Top of the 2nd over - 2 runs, 1 hit, 0 errors, 3 left on base; Havana 2 - La Ceiba 0
BOTTOM OF THE 2ND
La Ceiba Manatees batting - Pitching for Havana Conejitos : LHP Ricky Horton
Batting: LHB Al Chambers 0-0: Foul Ball, location: 2F
0-1: Ball
1-1: Ball
2-1: Ball
3-1: Base on Balls
Batting: RHB Randy Hunt 0-0: Foul Ball, location: 2F
0-1: Ball
1-1: Ball
2-1: Foul Ball, location: 2F
2-2: Ball
3-2: Grounds into double play, 5-4-3 (Groundball, 5, EV 97.5 MPH)
Batting: SHB Terry Pendleton 0-0: Ball
1-0: DOUBLE (Groundball, 5L, EV 105.6 MPH)
Batting: LHB Van Snider 0-0: Ball
1-0: Swinging Strike
1-1: Foul Ball, location: 2F
1-2: Foul Ball, location: 2F
1-2: Strikes out swinging
Bottom of the 2nd over - 0 runs, 1 hit, 0 errors, 1 left on base; Havana 2 - La Ceiba 0
TOP OF THE 3RD
Havana Conejitos batting - Pitching for La Ceiba Manatees : RHP Tony Valenzuela
Batting: LHB Michael Wishnevski 0-0: Ball
1-0: Called Strike
1-1: Swinging Strike
1-2: Ball
2-2: SINGLE (Line Drive, 6D, EV 96.3 MPH)
Batting: LHB Donald Mazzilli 0-0: Called Strike
0-1: SINGLE (Groundball, 6D, EV 99.4 MPH)
Michael Wishnevski to second
Batting: LHB Randy Salava 0-0: Ball
1-0: SINGLE (Line Drive, 7LS, EV 111.9 MPH)
Michael Wishnevski to third
Donald Mazzilli to second
Runner from 3rd tries for Home, SAFE, throw by LF to home
Batting: SHB Julio Estrada 0-0: Ball
1-0: Foul Ball, location: 2F
1-1: Ball
2-1: Hit by Pitch
Donald Mazzilli to third
Randy Salava to second
Batting: RHB Ramon Borrero 0-0: Called Strike
0-1: Ball
1-1: Ball
2-1: Swinging Strike
2-2: Foul Ball, location: 2F
2-2: Foul Ball, location: 2F
2-2: Ball
3-2: Strikes out looking
Batting: RHB Ulises Infante 0-0: Ball
1-0: Ball
2-0: Ball
3-0: Base on Balls
Donald Mazzilli scores
Randy Salava to third
Julio Estrada to second
Batting: RHB Luis Gonzalez 0-0: Called Strike
0-1: Foul Ball, location: 2F
0-2: Strikes out swinging
Batting: LHB Scott Radloff 0-0: Ball
1-0: Ball
2-0: Foul Ball, location: 2F
2-1: Called Strike
2-2: Foul Ball, location: 2F
2-2: Ball
3-2: Foul Ball, location: 2F
3-2: Base on Balls
Randy Salava scores
Julio Estrada to third
Ulises Infante to second
Pitching: RHP Mario Kaufman
Batting: RHB John Malkin 0-0: Fielders Choice at 2nd, 5-4 (Groundball, 5, EV 110.6 MPH)
Top of the 3rd over - 3 runs, 3 hits, 0 errors, 3 left on base; Havana 5 - La Ceiba 0
BOTTOM OF THE 3RD
La Ceiba Manatees batting - Pitching for Havana Conejitos : LHP Ricky Horton
Batting: LHB Keith Hughes 0-0: Foul Ball, location: 2F
0-1: Foul Ball, location: 2F
0-2: Fly out, F8 (Flyball, 8LD, EV 98.8 MPH)
Batting: RHB Humberto Cardenas 0-0: Ball
1-0: Called Strike
1-1: Ball
2-1: Ground out 5-3 (Groundball, 56S, EV 88.8 MPH)
Batting: LHB Steve Lyons 0-0: Ground out 6-3 (Groundball, 6, EV 78.8 MPH)
Bottom of the 3rd over - 0 runs, 0 hits, 0 errors, 0 left on base; Havana 5 - La Ceiba 0
TOP OF THE 4TH
Havana Conejitos batting - Pitching for La Ceiba Manatees : RHP Mario Kaufman
Batting: LHB Michael Wishnevski 0-0: Foul Ball, location: 2F
0-1: Called Strike
0-2: Foul Ball, location: 2F
0-2: Ball
1-2: Foul Ball, location: 2F
1-2: Fly out, F8 (Flyball, 8RD, EV 83.1 MPH)
Batting: LHB Donald Mazzilli 0-0: Ball
1-0: Foul Ball, location: 2F
1-1: SINGLE (Flyball, 6MD, EV 91.3 MPH)
Batting: LHB Randy Salava 0-0: Ball
1-0: Grounds into double play, 6-4-3 (Groundball, 6S, EV 89.4 MPH)
Top of the 4th over - 0 runs, 1 hit, 0 errors, 0 left on base; Havana 5 - La Ceiba 0
BOTTOM OF THE 4TH
La Ceiba Manatees batting - Pitching for Havana Conejitos : LHP Ricky Horton
Batting: LHB Ernesto Quevedo 0-0: Ball
1-0: SINGLE (Groundball, P, EV 85.0 MPH) (infield hit)
Batting: RHB Juan Villa 0-0: Foul Ball, location: 2F
0-1: Foul Ball, location: 2F
0-2: Foul Ball, location: 2F
0-2: Ball
1-2: Ball
2-2: Fly out, F4 (Popup, 23, EV 93.1 MPH)
Batting: LHB Al Chambers 0-0: Ball
1-0: Swinging Strike
1-1: Ball
2-1: Called Strike
2-2: Strikes out swinging
Batting: RHB Randy Hunt 0-0: Called Strike
0-1: Ball
1-1: Foul Ball, location: 2F
1-2: Fielders Choice at 2nd, 6-4 (Groundball, 6, EV 91.9 MPH)
Bottom of the 4th over - 0 runs, 1 hit, 0 errors, 1 left on base; Havana 5 - La Ceiba 0
TOP OF THE 5TH
Havana Conejitos batting - Pitching for La Ceiba Manatees : RHP Mario Kaufman
Batting: SHB Julio Estrada 0-0: Ball
1-0: Called Strike
1-1: SINGLE (Flyball, 5D, EV 85.0 MPH)
Batting: RHB Ramon Borrero 0-0: Ball
Julio Estrada steals 2nd base
1-0: SINGLE (Groundball, 4MD, EV 110.0 MPH)
Julio Estrada to third
Runner from 3rd tries for Home, SAFE, throw by CF to home
Batting: RHB Ulises Infante 0-0: Ball
1-0: Swinging Strike
1-1: Swinging Strike
1-2: Strikes out swinging
Batting: RHB Luis Gonzalez 0-0: Called Strike
0-1: Ball
1-1: Ball
2-1: SINGLE (Line Drive, 89S, EV 93.1 MPH)
Ramon Borrero to second
Runner from 2nd tries for 3rd, SAFE, throw by RF made to third
Batting: LHB Scott Radloff 0-0: Ball
Pickoff Throw to First - Out! 1-3
1-0: Foul Ball, location: 2F
1-1: Ball
2-1: Ball
3-1: Fly out, F8 (Flyball, 8LS, EV 93.1 MPH)
Top of the 5th over - 1 run, 3 hits, 0 errors, 1 left on base; Havana 6 - La Ceiba 0
BOTTOM OF THE 5TH
La Ceiba Manatees batting - Pitching for Havana Conejitos : LHP Ricky Horton
Batting: SHB Terry Pendleton 0-0: Ball
1-0: Ball
2-0: Reached on error, E5 (Groundball, 15, EV 85.6 MPH)
Batting: LHB Van Snider 0-0: Called Strike
Terry Pendleton steals 2nd base
0-1: SINGLE (Line Drive, 89S, EV 108.8 MPH)
Terry Pendleton to third
Runner from 3rd tries for Home, SAFE, throw by RF to home
Batting: LHB Keith Hughes 0-0: Ball
Van Snider steals 2nd base
1-0: Ball
2-0: Ball
3-0: Called Strike
3-1: Called Strike
3-2: Foul Ball, location: 2F
3-2: Foul Ball, location: 2F
3-2: Fly out, F7 (Flyball, 7, EV 88.8 MPH)
Batting: RHB Humberto Cardenas 0-0: Ball
1-0: Swinging Strike
1-1: Ball
2-1: Called Strike
2-2: Strikes out swinging
Batting: LHB Steve Lyons 0-0: Called Strike
0-1: SINGLE (Flyball, 8LS, EV 95.0 MPH)
Van Snider to third
Runner from 3rd tries for Home, SAFE, throw by CF to home
Batting: LHB Ernesto Quevedo 0-0: Ball
1-0: Called Strike
1-1: Foul Ball, location: 2F
1-2: Strikes out swinging
Bottom of the 5th over - 2 runs, 2 hits, 1 error, 1 left on base; Havana 6 - La Ceiba 2
TOP OF THE 6TH
Havana Conejitos batting - Pitching for La Ceiba Manatees : RHP Mario Kaufman
Batting: RHB John Malkin 0-0: Ground out 2-3 (Groundball, 15S, EV 63.1 MPH)
Batting: LHB Michael Wishnevski 0-0: Ball
1-0: Foul Ball, location: 2F
1-1: Ball
2-1: SINGLE (Groundball, 3S, EV 71.3 MPH) (infield hit)
Batting: LHB Donald Mazzilli 0-0: Foul Ball, location: 2F
0-1: Ball
1-1: Foul Ball, location: 2F
1-2: Foul Ball, location: 2F
1-2: Strikes out swinging
Batting: LHB Randy Salava 0-0: Ball
1-0: Swinging Strike
1-1: Foul Ball, location: 2F
1-2: Ground out 2-3 (Groundball, 13S, EV 71.3 MPH)
Top of the 6th over - 0 runs, 1 hit, 0 errors, 1 left on base; Havana 6 - La Ceiba 2
BOTTOM OF THE 6TH
La Ceiba Manatees batting - Pitching for Havana Conejitos : LHP Ricky Horton
Batting: RHB Juan Villa 0-0: Called Strike
0-1: Swinging Strike
0-2: Foul Ball, location: 2F
0-2: Fly out, F8 (Flyball, 78M, EV 71.9 MPH)
Batting: LHB Al Chambers 0-0: Ball
1-0: Foul Ball, location: 2F
1-1: Called Strike
1-2: Strikes out swinging
Batting: RHB Randy Hunt 0-0: Called Strike
0-1: Ball
1-1: Ball
2-1: Fly out, F8 (Flyball, 89D, EV 93.1 MPH)
Bottom of the 6th over - 0 runs, 0 hits, 0 errors, 0 left on base; Havana 6 - La Ceiba 2
TOP OF THE 7TH
Havana Conejitos batting - Pitching for La Ceiba Manatees : RHP Mario Kaufman
Batting: SHB Julio Estrada 0-0: Ground out 4-3 (Groundball, 4, EV 83.1 MPH)
Batting: RHB Ramon Borrero 0-0: Fly out, F7 (Line Drive, 7, EV 86.3 MPH)
Batting: RHB Ulises Infante 0-0: Ball
1-0: Ground out 6-3 (Groundball, 6, EV 95.0 MPH)
Top of the 7th over - 0 runs, 0 hits, 0 errors, 0 left on base; Havana 6 - La Ceiba 2
BOTTOM OF THE 7TH
La Ceiba Manatees batting - Pitching for Havana Conejitos : LHP Ricky Horton
Batting: SHB Terry Pendleton 0-0: SINGLE (Groundball, 6MD, EV 103.8 MPH)
Batting: LHB Van Snider 0-0: Ball
1-0: Called Strike
Terry Pendleton steals 2nd base
1-1: Ground out 6-3 (Groundball, 6, EV 88.1 MPH)
Terry Pendleton to third
Batting: LHB Keith Hughes 0-0: Foul Ball, location: 2F
0-1: Fly out, F7 (Flyball, 7S, EV 88.1 MPH)
Batting: RHB Humberto Cardenas 0-0: Ball
1-0: Ball
2-0: Ball
3-0: Base on Balls
Batting: LHB Steve Lyons 0-0: Fielders Choice at 2nd, 6-4 (Groundball, 6, EV 100.6 MPH)
Bottom of the 7th over - 0 runs, 1 hit, 0 errors, 2 left on base; Havana 6 - La Ceiba 2
TOP OF THE 8TH
Havana Conejitos batting - Pitching for La Ceiba Manatees : RHP Mario Kaufman
Batting: RHB Luis Gonzalez 0-0: Ball
1-0: Foul Ball, location: 2F
1-1: Foul Ball, location: 2F
1-2: Ball
2-2: Ball
3-2: Strikes out swinging, 2-3 out at first.
Batting: LHB Scott Radloff 0-0: Ball
1-0: Ball
2-0: Foul Ball, location: 2F
2-1: Foul Ball, location: 2F
2-2: SINGLE (Groundball, 4MD, EV 106.3 MPH)
Pitching: RHP Randy Graham
Batting: RHB John Malkin 0-0: Ball
Wild Pitch!
Scott Radloff to second
1-0: Called Strike
1-1: Ball
2-1: Ball
3-1: Base on Balls
Batting: LHB Michael Wishnevski 0-0: Called Strike
0-1: Ball
1-1: Ball
2-1: Swinging Strike
2-2: Foul Ball, location: 2F
2-2: Ball
3-2: Strikes out swinging
Batting: LHB Donald Mazzilli 0-0: Foul Ball, location: 2F
0-1: Fly out, F7 (Flyball, 7LD, EV 101.9 MPH)
Top of the 8th over - 0 runs, 1 hit, 0 errors, 2 left on base; Havana 6 - La Ceiba 2
BOTTOM OF THE 8TH
La Ceiba Manatees batting - Pitching for Havana Conejitos : LHP Ricky Horton
Batting: LHB Ernesto Quevedo 0-0: Called Strike
0-1: Called Strike
0-2: Ball
1-2: Fly out, F3 (Popup, 23F, EV 82.5 MPH)
Batting: RHB Juan Villa 0-0: Called Strike
0-1: Fly out, F7 (Line Drive, 7, EV 90.0 MPH)
Batting: LHB Al Chambers 0-0: Ball
1-0: Swinging Strike
1-1: Ball
2-1: Ball
3-1: Foul Ball, location: 2F
3-2: Foul Ball, location: 2F
3-2: Fly out, F9 (Line Drive, 9, EV 92.5 MPH)
Bottom of the 8th over - 0 runs, 0 hits, 0 errors, 0 left on base; Havana 6 - La Ceiba 2
TOP OF THE 9TH
Havana Conejitos batting - Pitching for La Ceiba Manatees : RHP Randy Graham
Batting: LHB Randy Salava 0-0: Called Strike
0-1: Ball
1-1: Foul Ball, location: 2F
1-2: Foul Ball, location: 2F
1-2: Ball
2-2: Foul Ball, location: 2F
2-2: Ball
3-2: Fly out, F8 (Flyball, 78XD, EV 91.9 MPH)
Batting: SHB Julio Estrada 0-0: Ball
1-0: Ball
2-0: Swinging Strike
2-1: SINGLE (Line Drive, 8RS, EV 110.6 MPH)
Batting: RHB Ramon Borrero 0-0: Ball
1-0: Swinging Strike
1-1: Called Strike
1-2: Ball
2-2: Strikes out swinging
Batting: RHB Ulises Infante 0-0: Called Strike
0-1: Called Strike
0-2: Ball
1-2: Strikes out looking
Top of the 9th over - 0 runs, 1 hit, 0 errors, 1 left on base; Havana 6 - La Ceiba 2
BOTTOM OF THE 9TH
La Ceiba Manatees batting - Pitching for Havana Conejitos : LHP Ricky Horton
Batting: RHB Randy Hunt 0-0: Ball
1-0: Ball
2-0: Ball
3-0: Base on Balls
Pitching: RHP Michael Culbert
Batting: SHB Terry Pendleton 0-0: Called Strike
0-1: Fly out, F9 (Flyball, 9, EV 83.8 MPH)
Batting: LHB Van Snider 0-0: Ball
1-0: Foul Ball, location: 2F
1-1: Grounds into double play, 4-6-3 (Groundball, 4, EV 91.9 MPH)
Bottom of the 9th over - 0 runs, 0 hits, 0 errors, 0 left on base; Havana 6 - La Ceiba 2
Tuesday, July 7th, 2020 - OOTP Baseball 21.4 Build 63